 Dungeon Crawl Stone Soup version 0.20-a0-555-gf6ae02d (webtiles) character file.

1534 Lahna the Skirmisher (level 8, 0/65 HPs)
             Began as a Demonspawn Monk on Feb 4, 2017.
             Was an Initiate of Gozag.
             Killed by divine providence
             ... invoked by an orc priest
              (11 damage)
             ... on level 6 of the Dungeon.
             The game lasted 00:09:33 (6550 turns).

Lahna the Skirmisher (Demonspawn Monk)              Turns: 6550, Time: 00:09:34

Health: 0/65       AC: 18    Str: 13    XL:     8   Next: 55%
Magic:  8/8        EV:  7    Int: 11    God:    Gozag
Gold:   672        SH:  0    Dex: 17    Spells: 7/7 levels left

rFire    . . .     SeeInvis .   a - +0 mace
rCold    . . .     Gourm    .   d - +0 chain mail
rNeg     . . .     Faith    .   (no shield)
rPois    .         Spirit   .   (no helmet)
rElec    .         Reflect  .   (no cloak)
rCorr    .         Harm     .   (no gloves)
MR       .....                  (no boots)
Stlth    ..........             (no amulet)
Regen    0.2/turn               (no ring)
                                (no ring)

@: lethally poisoned (0 -> 0), marked, gold aura, sanguine armour
A: claws 1, demonic guardian 1, spiny 1, sanguine armour 2
a: Potion Petition, Call Merchant, Bribe Branch, Renounce Religion


You were on level 6 of the Dungeon.
You worshipped Gozag.
Gozag was pleased with you.
You were not hungry.

You visited 1 branch of the dungeon, and saw 6 of its levels.
You also visited: Sewer.

You collected 672 gold pieces.

Inventory:

Hand Weapons
 a - a +0 mace (weapon)
Armour
 b - a +0 plate armour
 d - a +0 chain mail (worn)
Scrolls
 e - a scroll of noise {unknown}
 j - 2 scrolls of recharging
 o - a scroll of fear {unknown}
 t - a scroll of enchant armour {unknown}
 u - a scroll of random uselessness {unknown}
Potions
 f - 7 potions of heal wounds
 g - 3 potions of might
 i - a potion of magic {unknown}
 k - a potion of flight {unknown}
 l - 4 potions of curing
 m - a potion of haste {unknown}
 p - a potion of lignification {unknown}
 q - a potion of mutation {unknown}
 r - 2 potions of invisibility {unknown}
 s - a potion of ambrosia {unknown}
Comestibles
 c - 2 bread rations
 h - a meat ration
 n - a royal jelly


   Skills:
 + Level 6.8 Fighting
 + Level 6.3 Maces & Flails
 + Level 5.2 Armour
 - Level 3.0 Dodging
 - Level 2.0 Stealth


You had 7 spell levels left.
You didn't know any spells.

Dungeon Overview and Level Annotations

Branches:
Dungeon (6/15)
 Temple: D:4-7

Altars:
Elyvilon
Gozag
Sif Muna
Trog


Innate Abilities, Weirdness & Mutations

You have sharp fingernails.
A weak demonic guardian rushes to your aid.
You are partially covered in sharp spines.
When seriously injured, your bleeding wounds create thick armour. (AC +9)


Message History

You kill the bullfrog!
The adder skeleton barely misses your shadow imp.
The crimson imp hits your shadow imp.
The orc priest calls down the wrath of Beogh upon you.
Beogh smites you!
* * * LOW HITPOINT WARNING * * *
You closely miss the orc priest.
The orc priest is severely wounded.
You feel sick.
The adder skeleton barely misses your shadow imp.
The crimson imp closely misses your shadow imp.
The orc priest hits you but does no damage.
Unknown command.
Your chain mail prevents you from hitting the orc priest.
The orc priest is severely wounded.
The adder skeleton is distracted by the nearby gold.
The orc priest invokes the aid of Beogh against you.
Beogh smites you!
You die...
Your body crumbles into a pile of gold.

.... ##..# )###
...# ... #..###.#
#.....(#
#.....#####
#######..Z5......
# .........$5$# #
######.##@## #
#.##o# #.##5#
#.##.. #.#### #.#
#.# ########.#
#........#


You could see an orc priest, a crimson imp, an adder skeleton (unaware), a
friendly white imp and a friendly shadow imp.

Vanquished Creatures
  A water moccasin (D:4)
  Purgy (Sewer)
  2 ogres
  A sky beast (D:5)
  A phantom (D:4)
  A bullfrog (D:6)
  A water moccasin zombie (D:5)
  A scorpion (D:5)
  A centaur zombie (D:5)
  2 bullfrog zombies (D:5)
  A crimson imp (D:4)
  A hound (D:5)
  An iguana (D:6)
  A jelly (D:5)
  An orc wizard (D:5)
  A bullfrog skeleton (D:5)
  Ijyb (D:2)
  Natasha (twice) (D:3)
  6 worker ants
  A hound zombie (D:5)
  3 worker ant zombies (D:5)
  2 howler monkey zombies
  Robin (D:2)
  6 adders
  7 gnolls
  2 howler monkey skeletons (D:5)
  A shadow imp (D:5)
  An adder skeleton (D:4)
  An adder zombie (D:5)
  3 worms
  6 dart slugs
  4 leopard geckos
  8 orcs
  4 giant cockroaches
  15 goblins
  7 hobgoblins
  4 jackals (D:6)
  3 quokkas
  A ball python (D:2)
  A ball python zombie (D:5)
  9 bats
  7 frilled lizards
  A giant cockroach zombie (D:5)
  A jackal skeleton (D:6)
  8 kobolds
  2 leopard gecko zombies (D:5)
  A quokka zombie (D:6)
  10 rats
147 creatures vanquished.

Vanquished Creatures (collateral kills)
  A centaur skeleton (D:5)
  A worker ant (D:6)
  An adder zombie (D:5)
  3 orcs (D:5)
  A leopard gecko zombie (D:5)
7 creatures vanquished.

Vanquished Creatures (others)
  A plant (D:4)
1 creature vanquished.

Grand Total: 155 creatures vanquished

Notes
Turn   | Place    | Note
-------+----------+-------------------------------------------
     0 | D:1      | Lahna the Demonspawn Monk began the quest for the Orb.
     0 | D:1      | Reached XP level 1. HP: 18/18 MP: 1/1
   543 | D:1      | Gained mutation: You are partially covered in sharp spines. [demonic ancestry]
   543 | D:1      | Reached XP level 2. HP: 21/24 MP: 2/2
  1201 | D:2      | Reached XP level 3. HP: 29/29 MP: 3/3
  1236 | D:2      | Noticed Ijyb
  1243 | D:2      | Killed Ijyb
  1732 | D:2      | Reached XP level 4. HP: 37/37 MP: 4/4
  2045 | D:2      | Noticed Robin
  2063 | D:2      | Killed Robin
  2067 | D:2      | Reached skill level 1 in Armour
  2517 | D:3      | Found a faded altar of an unknown god.
  2791 | D:3      | Found a glowing drain.
  2808 | Sewer    | Entered a sewer
  2822 | Sewer    | Noticed Purgy
  2836 | Sewer    | Killed Purgy
  2836 | Sewer    | Gained mutation: When seriously injured, your bleeding wounds create armour. (AC +9) [demonic ancestry]
  2836 | Sewer    | Reached XP level 5. HP: 27/43 MP: 5/5
  3059 | D:3      | Found a bloodstained altar of Trog.
  3270 | D:3      | Noticed Natasha
  3274 | D:3      | Killed Natasha
  3453 | D:3      | Gained mutation: You have sharp fingernails. [demonic ancestry]
  3453 | D:3      | Reached XP level 6. HP: 49/49 MP: 6/6
  3498 | D:3      | Noticed Natasha
  3509 | D:3      | Killed Natasha
  3837 | D:4      | Found a white marble altar of Elyvilon.
  4068 | D:3      | Became a worshipper of Gozag Ym Sagoz the Greedy
  4186 | D:4      | Noticed a water moccasin
  4194 | D:4      | Killed a water moccasin
  4194 | D:4      | Reached skill level 5 in Fighting
  4484 | D:4      | Gained mutation: A weak demonic guardian rushes to your aid. [demonic ancestry]
  4484 | D:4      | Reached XP level 7. HP: 22/56 MP: 7/7
  4557 | D:4      | Reached skill level 5 in Maces & Flails
  4993 | D:4      | Found a deep blue altar of Sif Muna.
  5134 | D:5      | Entered Level 5 of the Dungeon
  5576 | D:5      | Gained mutation: When seriously injured, your bleeding wounds create thick armour. (AC +9) [demonic ancestry]
  5576 | D:5      | Reached XP level 8. HP: 49/64 MP: 8/8
  5914 | D:5      | Found a white marble altar of Elyvilon.
  6427 | D:6      | Reached skill level 5 in Armour
  6550 | D:6      | Killed from afar by an orc priest

Vault maps used:
D:1:      dpeg_arrival_radiant
D:2:      uniq_robin, uniq_iyjb
D:3:      chequers_ecumenical_altar_simple, first_bread, portal_sewer_entry_d,
          minivault_4, bloody_trog, uniq_natasha
D:4:      lemuel_crystal_altar, tgw_sif, serial_bayou, serial_bayou_pond_a,
          serial_bayou_pond_e, serial_bayou_pond_d, serial_bayou_lagoon_a
D:5:      basic_altar, serial_undead, serial_undead_f, serial_undead_a,
          serial_undead_c, serial_undead_d
D:6:      lemuel_coloured_pillars_altar, kennysheep_mini, grunt_decor_resistance
Sewer:    kennysheep_door_sewer

Skill      XL: |  1  2  3  4  5  6  7  8 |
---------------+-------------------------+-----
Stealth        | 2 |  2.0
Maces & Flails | 3 4 5 6 |  6.3
Dodging        | 3 |  3.0
Armour         | 2 3 4 5 |  5.2
Fighting       | 4 5 6 |  6.8

Action                   |  1- 3 |  4- 6 |  7- 9 || total
-------------------------+-------+-------+-------++-------
Melee: Mace              |    95 |   185 |   219 ||   499
Invok: Potion Petition   |       |       |     1 ||     1
  Use: Scroll            |       |       |     3 ||     3
 Stab: Sleeping          |     1 |       |       ||     1
       Distracted        |       |       |     1 ||     1
  Eat: Chunk             |     2 |     8 |       ||    10
       Fruit             |       |     2 |       ||     2
       Meat ration       |       |       |     1 ||     1
       Royal jelly       |       |       |     1 ||     1
Armor: Chain mail        |    82 |   112 |   150 ||   344
Dodge: Dodged            |    29 |    62 |    87 ||   178
